Match 23855098
Unlisted

Match 23855098
End
Construct Section Command Post
Selects Air and Sea Battlegroup
Dingo Light Scout Car
Dingo Light Scout Car
Dingo Light Scout Car
Dingo Light Scout Car
Construct Platoon Command Post
Selects Supply Surplus
Construct Resource Cache
Dingo Light Scout Car
Construct Resource Cache
Construct Resource Cache
Construct Company Command Post
Royal Engineer Section
Selects Centaur Medium Tank
Unlock M3 Grant Medium Tanks
Construct Resource Cache
Construct Resource Cache
Construct Resource Cache
Selects Naval Bombardment
Naval Bombardment
Construct Resource Cache
Construct Resource Cache
Construct Resource Cache
M3 Grant Medium Tank
M3 Grant Medium Tank
Naval Bombardment
Selects Commando Section Paradrop
Selects M1 Pack Howitzer Paradrop
M3 Grant Medium Tank
Selects Incendiary Bombing Run
Construct Resource Cache
Royal Engineer Section
Naval Bombardment
Incendiary Bombing Run
M3 Grant Medium Tank
Construct Field Infirmary
Incendiary Bombing Run
Construct Field Infirmary
Construct Resource Cache
M3 Grant Medium Tank
Foot Guards Section
Foot Guards Section
Construct Resource Cache
Armored Vehicle Training
Construct Resource Cache
Naval Bombardment
Foot Guards Section
wuhecun
HOTPOT
黑A老猫
新手
AwA_Calvin
MINK IS GOLD
假山
IKNOWURGAY
0
0

Comments sign in to comment!

No comments posted yet!